 Dungeon Crawl Stone Soup version 0.29-a0-393-g47a863cc1b (webtiles) character file.

Game seed: 6370062750132459847

145555 zishaf the Slayer (level 16, -31/177 HPs)
             Began as a Minotaur Berserker on May 10, 2022.
             Was a High Priest of Trog.
             Killed from afar by a salamander tyrant (37 damage)
             ... with a flame surge
             ... on level 4 of the Snake Pit.
             The game lasted 00:35:25 (24192 turns).

zishaf the Slayer (Minotaur Berserker)             Turns: 24192, Time: 00:35:27

Health: -31/177    AC: 24    Str: 40    XL:     16   Next: 87%
Magic:  0/20       EV: 17    Int:  6    God:    Trog [*****.]
Gold:   1625       SH:  5    Dex: 12    Spells: 15/15 levels left

rFire   . . .      SeeInvis +   k - +9 executioner's axe (spect)
rCold   . . .      Faith    .   (shield currently unavailable)
rNeg    . . .      Spirit   +   L - +4 moon troll leather armour {Spirit, Regen++ MP+5}
rPois   +          Reflect  +   b - +3 crown of Dyrovepreva {rElec Int+2 SInv}
rElec   +          Harm     .   E - +2 cloak
rCorr   .          Rampage  .   y - +2 pair of gloves of Greed {rPois}
Will    +....                   j - +2 pair of boots
Stlth   +.........              g - amulet of reflection
HPRegen 1.99/turn               p - +6 ring of strength
MPRegen 0.17/turn               P - +6 ring of strength

@: on berserk cooldown, slowed, studying Armour, very slow
A: horns 2, retaliatory headbutt
a: Renounce Religion, Berserk, Trog's Hand, Brothers in Arms


You were on level 4 of the Snake Pit.
You worshipped Trog.
Trog was extremely pleased with you.
You visited 3 branches of the dungeon, and saw 25 of its levels.
You also visited: Ice Cave and Volcano.

You collected 2595 gold pieces.
You spent 970 gold pieces at shops.

Inventory:

Hand Weapons
 d - a +2 battleaxe of flaming
 k - a +9 spectral executioner's axe (weapon)
 X - a +2 vorpal broad axe
Missiles
 w - 4 throwing nets (quivered)
Armour
 b - the +3 crown of Dyrovepreva (worn) {rElec Int+2 SInv}
   (You bought it in a shop on level 2 of the Snake Pit)

   Int:       It affects your intelligence (+2).
   rElec:     It insulates you from electricity.
   SInv:      It lets you see invisible.
 j - a +2 pair of boots (worn)
 n - a +2 pair of gloves of infusion
 y - the +2 pair of gloves of Greed (worn) {rPois}
   (You found it on level 6 of the Dungeon)

   rPois:     It protects you from poison.
 E - a +2 cloak (worn)
 L - the +4 moon troll leather armour (worn) {Spirit, Regen++ MP+5}
   (You found it on level 8 of the Dungeon)

   MP:        It affects your magic capacity (+5).
   Regen:     It increases your rate of health regeneration.
Jewellery
 e - a ring of positive energy
 g - an amulet of reflection (around neck)
 l - a ring of ice
 p - a +6 ring of strength (left hand)
 P - a +6 ring of strength (right hand)
 T - a ring of protection from cold
Wands
 a - a wand of mindburst (7)
 o - a wand of flame (22)
 r - a wand of iceblast (16)
 t - a wand of acid (15)
 v - a wand of paralysis (6)
 B - a wand of charming (16)
 Y - a wand of polymorph (6)
Scrolls
 q - a scroll of poison
 z - 6 scrolls of fear
 C - a scroll of summoning
 D - 4 scrolls of identify
 I - 2 scrolls of enchant weapon
 K - 14 scrolls of teleportation
 Q - 6 scrolls of blinking
 R - 5 scrolls of brand weapon
 U - a scroll of enchant armour
 W - 2 scrolls of magic mapping
Potions
 c - 2 potions of resistance
 f - 11 potions of curing
 h - 5 potions of flight
 i - 5 potions of mutation
 m - 4 potions of might
 s - 8 potions of haste
 u - 8 potions of heal wounds
 A - 2 potions of invisibility
 H - 5 potions of berserk rage
 M - 2 potions of cancellation
 N - 5 potions of ambrosia
 S - 4 potions of magic


   Skills:
 + Level 24.9 Fighting
 + Level 19.4 Axes
 + Level 15.4 Armour
 + Level 12.3 Dodging


You had 15 spell levels left.
You didn't know any spells.
Your spell library was empty.

Dungeon Overview and Level Annotations

Branches:
Dungeon (15/15)            Temple (0/1) D:4            Lair (6/6) D:9
 Shoals (0/4) Lair:3        Snake (4/4) Lair:4        Slime (0/5) Lair:5
    Orc (0/2) D:10         Vaults (0/5) D:13         Depths (0/4) D:15
  IceCv (visited)         Volcano (visited)

Altars:
Fedhas
Gozag
Makhleb
Okawaru
Ru
Trog
Uskayaw
Wu Jian
Xom
Yredelemnul
Zin

Shops:
D:9 *   Snake:2 *[!*[


Innate Abilities, Weirdness & Mutations

You have a pair of horns on your head.
You reflexively headbutt those who attack you in melee.


Message History

The salamander hits you from afar with a +0 trident!
You are engulfed in flames!
You block the salamander's attack. x2
You slice the salamander!! You headbutt the salamander.
The salamander is severely wounded.
Your +9 spectral executioner's axe hits the salamander!!
You kill the salamander!
Trog accepts your kill.
Your +9 spectral executioner's axe hits the salamander!!
You kill the salamander!
Trog accepts your kill.
The salamander hits you from afar with a +4 glaive!
You are engulfed in flames!
A salamander tyrant comes into view.
The salamander hits you but does no damage.
The naga sharpshooter gestures wildly while chanting.
The naga sharpshooter magically shoots an arrow.
You reflect the arrow off an invisible shield around you!
The salamander tyrant rends the earth beneath you!
The blast of magma engulfs the salamander!!
The salamander partially resists.
The blast of magma engulfs you but does no damage.
The salamander barely misses you. You furiously retaliate!
You headbutt the salamander!
Things that are here:
a +0 arbalest; a +0 long sword; a +0 robe You slice the salamander!!
You headbutt the salamander.
You kill the salamander!
Trog accepts your kill.
The naga sharpshooter shoots an arrow.
The arrow hits you.
The salamander tyrant calls gouts of flame from the lava!
The flame surge hits you!!
* * * LOW HITPOINT WARNING * * *
The naga sharpshooter shoots an arrow.
The arrow misses you.
The salamander tyrant calls gouts of flame from the lava!
The flame surge hits you!!!
* * * LOW HITPOINT WARNING * * *
The naga sharpshooter shoots an arrow.
The arrow hits you but does no damage.
The salamander tyrant calls gouts of flame from the lava!
The flame surge hits you!!!
You die...

### ##### #.. ##≈≈≈## ##.#
##.≈≈≈.## # ##..#
.###.......###.# #.... ..
#.............#. #.... .#
N.#.........#... ##..## .#
#./...≈@≈§.N..# ##..### .#
.##...))§§).##. ##..##..
.##############+#)########..###..
...........###..§.)####....####..
.########.##...§≈≈...##.####...#.
..........#.#..§§≈..#.#.##.......
.########.# #..≈§≈..# #.##.#...#.
.#### #.#.#..§§≈..#.#.##.#...#.
....#####.##...≈≈≈)..##.##.#...#.


You could see a naga sharpshooter and a salamander tyrant.

Vanquished Creatures
  The ghost of siradein the Ruinous, a veteran DsCj of Vehumet (Lair:6)
  Gastronok (Lair:3)
  A nagaraja (Snake:3)
  A quicksilver ooze (shapeshifter) (D:13)
  An ironbound preserver (D:13)
  A reaper (IceCv)
  The ghost of Wanecan the Carver, a journeyman HuBe of Trog (Lair:5)
  The ghost of Dorraepp the Carver, a journeyman DsAr of Gozag (Snake:2)
  A salamander tyrant (Snake:3)
  3 boulder beetles
  12 hydras
  2 ice dragons (D:15)
  An ogre mage (Volcano)
  7 two-headed ogres
  9 anacondas
  7 centaur warriors
  A two-headed ogre (shapeshifter) (D:13)
  9 naga warriors
  A dancing weapon (D:7)
  A death knight (D:14)
  5 tengu warriors
  4 shock serpents
  7 naga sharpshooters
  A hell knight (Volcano)
  Amaemon (D:8)
  2 skeletal warriors (D:14)
  5 salamander mystics
  7 naga ritualists
  A lindwurm (Lair:4)
  The ghost of bande the Chopper, a novice GrFi (D:7)
  An obsidian statue (Snake:2)
  Pikel (D:6)
  5 ugly things
  11 mana vipers
  A deep elf pyromancer (D:15)
  A wolf spider (D:15)
  3 cyclopes
  11 salamanders
  4 oklob plants (Lair:1)
  3 manticores
  Maurice (D:12)
  2 ice statues (IceCv)
  29 black mambas
  12 elephants
  A water nymph (shapeshifter) (D:15)
  7 guardian serpents
  7 naga magi
  A storm dragon simulacrum (D:15)
  13 cane toads
  An orange demon (D:8)
  2 rime drakes (Lair:6)
  A yaktaur (D:15)
  2 unseen horrors
  2 kobold demonologists (D:14)
  10 komodo dragons
  2 tengu conjurers (D:15)
  A freezing wraith (IceCv)
  9 trolls
  8 ice devils
  3 meliai (D:14)
  3 polar bears (Lair:6)
  A meliai (shapeshifter) (D:8)
  5 hornets (Lair:6)
  5 blink frogs (Lair:6)
  15 slime creatures
  8 dream sheep (Lair:6)
  12 spriggans (Lair:6)
  Sigmund (D:2)
  3 centaur simulacra
  3 shadows
  4 wyverns
  42 yaks
  4 wraiths
  2 steam dragons
  4 basilisks
  A death yak simulacrum (IceCv)
  A human (shapeshifter) (D:15)
  12 vampire mosquitoes
  29 nagas
  A harpy simulacrum (IceCv)
  9 water moccasins
  An acid dragon (D:9)
  2 orc warriors
  3 ice beasts
  6 black bears
  A sky beast (D:8)
  4 boggarts (Lair:6)
  30 wolves
  3 ogres (D:4)
  15 centaurs
  A lemure (D:6)
  11 bullfrogs
  9 kobold brigands
  2 two-headed ogre simulacra (IceCv)
  A gnoll sergeant (D:9)
  A necrophage (D:5)
  A cane toad simulacrum (IceCv)
  3 scorpions
  5 wights (D:7)
  5 killer bees (D:8)
  8 howler monkeys
  7 electric eels
  3 jellies
  6 hounds
  2 orc priests
  A gnoll shaman (D:9)
  Ijyb (D:4)
  Terence (D:2)
  3 iguanas
  14 orc wizards
  3 polar bear simulacra (IceCv)
  2 troll simulacra (IceCv)
  7 hell rats (Lair:5)
  A wolf simulacrum (IceCv)
  9 gnolls (D:9)
  8 adders
  4 naga simulacra (IceCv)
  5 white imps
  5 ufetubi
  A worm (D:2)
  A dart slug (D:4)
  39 orcs
  9 endoplasms
  4 giant cockroaches
  5 goblins
  5 hobgoblins
  2 jackals (D:1)
  3 quokkas
  5 ball pythons
  4 bats
  4 frilled lizards
  10 kobolds
  11 rats
713 creatures vanquished.

Vanquished Creatures (collateral kills)
  5 hydras
  4 oklob plants (Lair:6)
  An ugly thing (D:11)
  A tengu conjurer (D:13)
  A wraith (D:13)
  A shadow (D:12)
  2 vampire mosquitoes (D:13)
  A floating eye (Lair:6)
  A butterfly (Lair:1)
  2 plants (Lair:6)
19 creatures vanquished.

Vanquished Creatures (others)
  A naga (Snake:3)
  18 fungi
  50 plants
69 creatures vanquished.

Grand Total: 801 creatures vanquished

Notes
Turn   | Place    | Note
-------+----------+-------------------------------------------
     0 | D:1      | zishaf the Minotaur Berserker began the quest for the Orb.
     0 | D:1      | Reached XP level 1. HP: 19/19 MP: 0/0
   275 | D:1      | Reached skill level 4 in Fighting
   279 | D:1      | Reached XP level 2. HP: 19/27 MP: 1/1
   748 | D:1      | Reached ** piety under Trog
   832 | D:1      | Reached XP level 3. HP: 34/34 MP: 2/2
  1096 | D:2      | Noticed Sigmund
  1104 | D:2      | Killed Sigmund
  1105 | D:2      | Reached skill level 5 in Fighting
  1105 | D:2      | Reached skill level 5 in Axes
  1105 | D:2      | Reached XP level 4. HP: 33/44 MP: 3/3
  1105 | D:2      | Reached XP level 5. HP: 37/50 MP: 4/4
  1448 | D:2      | Found a faded altar of an unknown god.
  1530 | D:2      | Found a basalt altar of Yredelemnul.
  1532 | D:2      | Noticed Terence
  1538 | D:2      | Killed Terence
  1539 | D:2      | Reached skill level 6 in Fighting
  2129 | D:3      | Found a sacrificial altar of Ru.
  2228 | D:3      | Reached XP level 6. HP: 57/57 MP: 5/5
  2655 | D:4      | Noticed Ijyb
  2664 | D:4      | Killed Ijyb
  2679 | D:4      | Found an ornate altar of the Wu Jian Council.
  2734 | D:4      | Found a staircase to the Ecumenical Temple.
  2748 | D:4      | Reached skill level 7 in Fighting
  2757 | D:4      | Identified the +3 leather armour of Hubris {-Tele Will+
                  | Slay+2}
  2835 | D:4      | Found the +6 shillelagh "Devastator" {shatter}
  2849 | D:4      | Reached XP level 7. HP: 66/66 MP: 6/6
  2916 | D:4      | Reached skill level 8 in Fighting
  3136 | D:4      | Reached *** piety under Trog
  3309 | D:5      | Entered Level 5 of the Dungeon
  3375 | D:5      | You fall into a shaft and drop 3 floors!
  3418 | D:8      | Reached XP level 8. HP: 62/75 MP: 7/7
  3588 | D:8      | Noticed an orange demon
  3588 | D:8      | Noticed Amaemon
  3599 | D:8      | Killed Amaemon
  3600 | D:8      | Reached skill level 9 in Fighting
  3602 | D:8      | Killed an orange demon
  3603 | D:8      | Reached skill level 10 in Fighting
  3603 | D:8      | Reached skill level 10 in Axes
  3603 | D:8      | Identified the +0 robe of Keviraadeu {rCorr Archmagi}
  3685 | D:7      | Reached XP level 9. HP: 86/86 MP: 8/8
  3870 | D:6      | Reached skill level 11 in Fighting
  3987 | D:6      | Identified the +6 scale mail "Qierer" {rC+ Dex+3 Stlth+}
  4007 | D:6      | Found a burning altar of Makhleb.
  4222 | D:6      | Identified the +1 leather armour of Midwinter {Fly Dex+2}
  4263 | D:6      | Identified the +2 pair of gloves of Greed {rPois}
  4876 | D:5      | Found a hide-covered altar of Uskayaw.
  5728 | D:6      | Found a glowing silver altar of Zin.
  5749 | D:6      | Noticed Pikel
  5761 | D:6      | Killed Pikel
  5762 | D:6      | Reached skill level 12 in Fighting
  5985 | D:7      | Noticed a cyclops
  5995 | D:7      | Killed a cyclops
  5996 | D:7      | Reached XP level 10. HP: 91/100 MP: 9/9
  6000 | D:7      | Reached **** piety under Trog
  6236 | D:7      | Found a runed translucent door.
  6237 | D:7      | Found a shimmering altar of Xom.
  6237 | D:7      | Noticed bande's ghost (novice GrFi)
  6237 | D:7      | Noticed a +0 scimitar of chaos
  6248 | D:7      | Killed a +0 scimitar of chaos
  6256 | D:7      | Killed bande's ghost
  6257 | D:7      | Reached skill level 13 in Fighting
  6935 | D:8      | Found the +4 moon troll leather armour {Spirit, Regen++
                  | MP+5}
  7171 | D:8      | Found an opulent altar of Gozag.
  7319 | D:8      | Found a bloodstained altar of Trog.
  7393 | D:8      | Reached skill level 14 in Fighting
  7675 | D:9      | Noticed a cyclops
  7684 | D:9      | Killed a cyclops
  7691 | D:9      | Found Luidymy's Assorted Antiques.
  7796 | D:9      | Noticed a two-headed ogre
  7806 | D:9      | Reached XP level 11. HP: 111/111 MP: 10/10
  7809 | D:9      | Killed a two-headed ogre
  7810 | D:9      | Reached skill level 15 in Fighting
  7810 | D:9      | Reached skill level 15 in Axes
  7873 | D:9      | Found a staircase to the Lair.
  7882 | D:9      | Reached ***** piety under Trog
  8266 | D:9      | Noticed a purple ugly thing
  8274 | D:9      | Killed a purple ugly thing
  8546 | D:10     | Entered Level 10 of the Dungeon
  8596 | D:10     | Found a staircase to the Orcish Mines.
  9226 | D:11     | Noticed a boulder beetle
  9237 | D:11     | Killed a boulder beetle
  9238 | D:11     | Reached skill level 16 in Fighting
  9441 | D:11     | Noticed a four-headed hydra
  9446 | D:11     | Killed a four-headed hydra
  9447 | D:11     | Reached skill level 17 in Fighting
  9449 | D:11     | Noticed a cyan ugly thing
  9455 | D:11     | Killed a cyan ugly thing
  9601 | D:11     | Reached XP level 12. HP: 125/125 MP: 11/11
 10213 | D:11     | Noticed a two-headed ogre
 10218 | D:11     | Killed a two-headed ogre
 10219 | D:11     | Reached skill level 18 in Fighting
 10446 | D:12     | Noticed a centaur warrior
 10451 | D:12     | Killed a centaur warrior
 10673 | D:12     | Reached skill level 19 in Fighting
 10687 | D:12     | Noticed a centaur warrior
 10694 | D:12     | Killed a centaur warrior
 10708 | D:12     | Found a frozen archway.
 10737 | IceCv    | Entered an ice cave
 10955 | IceCv    | Reached skill level 20 in Fighting
 10961 | IceCv    | Received a gift from Trog
 11062 | IceCv    | Noticed a reaper
 11081 | IceCv    | Killed a reaper
 11371 | D:12     | Noticed an eight-headed hydra
 11378 | D:12     | Killed a nine-headed hydra
 11482 | D:12     | Noticed Maurice
 11495 | D:12     | Killed Maurice
 11496 | D:12     | Reached XP level 13. HP: 141/141 MP: 12/12
 11515 | D:12     | Found a blossoming altar of Fedhas.
 11575 | D:13     | Reached skill level 21 in Fighting
 11722 | Lair:1   | Entered Level 1 of the Lair of Beasts
 12062 | Lair:1   | Reached skill level 22 in Fighting
 12077 | Lair:1   | Found a dark tunnel.
 12082 | Volcano  | Entered a volcano
 12112 | Volcano  | Identified the +2 helmet of Squeaky Salvation {rElec}
 12485 | Lair:1   | Reached skill level 5 in Armour
 12871 | Lair:1   | Identified the +4 quarterstaff "Spiderslayer" {vorpal,
                  | rElec rF- Int+6 Stlth+}
 13282 | Lair:2   | Reached skill level 5 in Dodging
 13552 | Lair:2   | Found an iron altar of Okawaru.
 14073 | Lair:3   | Reached XP level 14. HP: 148/155 MP: 13/13
 14199 | Lair:3   | Found a staircase to the Shoals.
 14370 | Lair:3   | Noticed Gastronok
 14379 | Lair:3   | Killed Gastronok
 15190 | Lair:4   | Found a staircase to the Snake Pit.
 15237 | Lair:4   | You fall into a shaft and drop 2 floors!
 15237 | Lair:6   | Entered Level 6 of the Lair of Beasts
 16041 | Lair:5   | Reached skill level 23 in Fighting
 16049 | Lair:5   | Found a runed translucent door.
 16137 | Lair:5   | Found a staircase to the Slime Pits.
 16569 | Lair:5   | Noticed Wanecan's ghost (journeyman HuBe)
 16680 | Lair:5   | Killed Wanecan's ghost
 16882 | Lair:6   | Paralysed by a floating eye for 2 turns
 17041 | Lair:6   | Received a gift from Trog
 17509 | Lair:6   | Paralysed by a floating eye for 4 turns
 17591 | Lair:6   | Found a runed translucent gate.
 17591 | Lair:6   | Found a runed translucent gate.
 17591 | Lair:6   | Found a runed translucent gate.
 17593 | Lair:6   | Noticed siradein's ghost (veteran DsCj)
 17916 | Lair:6   | Killed siradein's ghost
 17917 | Lair:6   | Reached XP level 15. HP: 162/165 MP: 10/14
 18050 | Lair:6   | Paralysed by a floating eye for 3 turns
 18057 | Lair:6   | Paralysed by a floating eye for 3 turns
 18513 | D:13     | Reached skill level 10 in Armour
 18628 | D:13     | Found a gate to the Vaults.
 19488 | D:14     | Received a gift from Trog
 20016 | D:15     | Entered Level 15 of the Dungeon
 20026 | D:15     | Identified a scroll of acquirement
 20038 | D:15     | Reached skill level 10 in Dodging
 20038 | D:15     | Found a staircase to the Depths.
 20042 | D:15     | Acquired a manual of Armour
 20368 | D:15     | Reached skill level 24 in Fighting
 21020 | Snake:1  | Entered Level 1 of the Snake Pit
 21769 | Snake:1  | Reached XP level 16. HP: 174/174 MP: 15/15
 21976 | Snake:2  | Found Xerott's Armour Emporium.
 21976 | Snake:2  | Found Zeizuran's Distillery.
 21980 | Snake:2  | Found Kerel's Armour Emporium.
 21999 | Snake:2  | Bought the +3 crown of Dyrovepreva {rElec Int+2 SInv} for
                  | 828 gold pieces
 21999 | Snake:2  | Found the +3 crown of Dyrovepreva {rElec Int+2 SInv}
 22414 | Snake:2  | Received a gift from Trog
 22565 | Snake:2  | Found a runed translucent gate.
 22565 | Snake:2  | Found a runed translucent gate.
 22565 | Snake:2  | Found a runed translucent gate.
 22566 | Snake:2  | Found an opulent altar of Gozag.
 22568 | Snake:2  | Found Sauf's Assorted Antiques.
 22568 | Snake:2  | Noticed Dorraepp's ghost (journeyman DsAr)
 22569 | Snake:2  | Found Xydghidi's Assorted Antiques.
 23146 | Snake:2  | Killed Dorraepp's ghost
 23212 | Snake:2  | Bought a pair of runed gloves for 142 gold pieces
 23968 | Snake:4  | Entered Level 4 of the Snake Pit
 24157 | Snake:4  | Reached skill level 15 in Armour
 24192 | Snake:4  | HP: 6/177 [salamander tyrant/flame surge (42)]
 24192 | Snake:4  | Killed from afar by a salamander tyrant

Illustrated notes

Levels and vault maps discovered:
D:1:      dpeg_arrival_tiny_d, layout_loops_ring, minmay_rat_gold_closets
D:2:      layout_loops_corners, hellmonk_ecumenical_altar_pennies_from_heaven,
          basic_altar, serial_bayou_pond_e, solitary_fountain, uniq_terence,
          uniq_sigmund
D:3:      layout_basic, hangedman_ru_absence, nicolae_figureground_sparkle
D:4:      layout_cave_pools, old_standard_altar, minmay_temple_entry_mini_moons,
          dilly_guarded_unrand_devastator, uniq_ijyb
D:5:      layout_layer_cave, mainiacjoe_overflow_small_starburst
D:6:      layout_basic, zin_academy, kennysheep_mini,
          minmay_misc_feat_nine_boxes, uniq_pikel
D:7:      layout_rooms, ebering_ghost_xom, chequers_serial_rivers_small_3
D:8:      nzn_winding_woodlands_stair_cross
          [nzn_winding_woodlands_5x15_longhouse,
          nzn_winding_woodlands_center_garden, nzn_winding_woodlands_5x15_twine,
          nzn_winding_woodlands_5x5_closed_star,
          nzn_winding_woodlands_5x5_default, nzn_winding_woodlands_5x15_default,
          nzn_winding_woodlands_center_diamonds,
          nzn_winding_woodlands_5x15_default], layout_basic,
          mainiacjoe_overflow_alcove_1, grunt_gozag_statues,
          amcnicky_mini_corridor_feature, uniq_amaemon
D:9:      layout_stronghold, erik_lair_island, serial_shops, shop_fountains
D:10:     layout_basic, orc_0_dummy
D:11:     layout_roguey, serial_rivers, chequers_serial_rivers_room_b,
          chequers_serial_rivers_large_a, chequers_serial_rivers_large_b,
          chequers_serial_rivers_micro_b, kennysheep_generic_room_3
D:12:     layout_roguey, portal_ice_cave_demonic_guard, fedhas_altar_4,
          uniq_maurice
D:13:     layout_cave_pools, skrybe_vaults_entry_preservation
D:14:     layout_loops_corners, serial_park_tiny_1, kennysheep_generic_room_12
D:15:     grunt_enter_depths_hoard, layout_loops_ring, serial_park_fountain
Lair:1:   minmay_lair_oklob_chamber, layout_layer_cave, enter_volcano_4,
          lemuel_fruit_fields, lemuel_fruit_fields, lemuel_fruit_tree
Lair:2:   layout_roguey, basic_altar, lemuel_fruit_fields, serial_bayou_shore_a
Lair:3:   layout_misc_corridors, minmay_shoals_entry_centaurs, uniq_gastronok
Lair:4:   layout_layer_cave, minmay_snake_entry_guardpost_medium
Lair:5:   layout_regular_city, nicolae_slime_entry_slimehenge,
          ebering_ghost_reflecting_pool
Lair:6:   minmay_lair_end_enchanted_forest, layout_layer_cave,
          gammafunk_ghost_hydra_chop, disabler_island
Snake:1:  layout_gridlike, grunt_ministairs_3
Snake:2:  kennysheep_six_static_rooms, layout_basic, ebering_ghost_gozag,
          minmay_shop_star
Snake:3:  layout_misc_corridors, nicolae_snake_biting_tails
Snake:4:  grunt_snake_rune_pools, layout_basic, basic_altar,
          hangedman_corner_corridor

Skill      XL: |  1  2  3  4  5  6  7  8  9 10 11 12 13 14 15 16 |
---------------+-------------------------------------------------+-----
Fighting       | 4 5 6 7 8 10 12 14 17 20 22 23 24 | 24.9
Axes           | 4 5 6 7 8 10 12 14 16 17 18 19 | 19.4
Armour         | 6 9 12 15 | 15.4
Dodging        | 5 8 10 12 | 12.3

Action                   |  1- 3 |  4- 6 |  7- 9 | 10-12 | 13-15 | 16-18 || total
-------------------------+-------+-------+-------+-------+-------+-------++-------
Melee: Hand axe          |    22 |       |       |       |       |       ||    22
       Headbutt          |     2 |     9 |    27 |   120 |   146 |    42 ||   346
       Punch             |     1 |     1 |       |    10 |     1 |       ||    13
       War axe           |    34 |    87 |   141 |   442 |   190 |       ||   894
       Battleaxe         |       |       |       |       |   522 |    50 ||   572
       Executioner's axe |       |       |       |       |       |   112 ||   112
Invok: Berserk           |       |     2 |     4 |     8 |     8 |     4 ||    26
       Trog's Hand       |       |       |     1 |     1 |       |       ||     2
       Brothers in Arms  |       |       |       |     2 |     6 |       ||     8
  Use: Scroll            |       |     5 |     1 |    11 |    15 |     6 ||    38
 Stab: Sleeping          |     2 |       |       |       |       |       ||     2
       Petrified         |       |       |       |       |     8 |       ||     8
       Petrifying        |       |       |       |       |     4 |       ||     4
Armor: Animal skin       |     4 |       |       |       |       |       ||     4
       Ring mail         |       |    17 |       |       |       |       ||    17
       Leather armour    |       |     1 |    18 |       |       |       ||    19
       Scale mail        |       |       |    28 |    10 |       |       ||    38
       Troll leather arm |       |       |       |   189 |   345 |    94 ||   628
Dodge: Dodged            |    39 |    40 |    64 |   219 |   419 |   137 ||   918
Block: Other             |     5 |    20 |    24 |    84 |   149 |    45 ||   327
       Reflection        |       |       |     1 |     8 |     9 |       ||    18

Table legend: (Time is in decaauts)
 A = Elapsed time spent in this place.
 B = Non-inter-level travel time spent in this place.
 C = Inter-level travel time spent in this place.
 D = Time resting spent in this place.
 E = Time spent auto-exploring this place.
 F = Levels seen in this place.
 G = Mean time per level.
                   A        B        C        D        E       F      G
               +--------+--------+--------+--------+--------+-----+--------+
         Total |  24280 |  22472 |   1808 |    665 |  17693 |  27 |  899.3 |
       Dungeon |  13908 |  12925 |    983 |    429 |  10382 |  15 |  927.2 |
          Lair |   6467 |   5791 |    676 |     90 |   4605 |   6 | 1077.8 |
     Snake Pit |   3200 |   3053 |    147 |      0 |   2505 |   4 |  800.0 |
      Ice Cave |    508 |    508 |      0 |    133 |    165 |   1 |  508.0 |
       Volcano |    196 |    196 |      0 |     12 |     36 |   1 |  196.0 |
               +--------+--------+--------+--------+--------+-----+--------+

Top non-repeatable levels by time:
  Lair:6: 1625 daAuts
  Lair:1: 1474 daAuts
     D:5: 1387 daAuts
     D:8: 1362 daAuts
    D:11: 1305 daAuts
 Snake:2: 1269 daAuts
  Lair:4: 1150 daAuts
     D:1: 1104 daAuts
     D:9: 1016 daAuts
    D:14: 993 daAuts
     D:2: 960 daAuts
 Snake:1: 932 daAuts
     D:6: 862 daAuts
  Lair:2: 846 daAuts
    D:12: 797 daAuts
